[Event "Early-Titled-Tuesday-Blitz-November-28-2023"]
[Site "Chess.com"]
[Date "2023.11.28"]
[Round "2"]
[White "JimDiGrease"]
[Black "SharapovEvgeny"]
[Result "1-0"]
[WhiteElo "2976"]
[BlackElo "2613"]
[TimeControl "180+1"]
[EndTime "8:15:27 PST"]
[Termination "JimDiGrease won by resignation"]

1. d4 d5 2. c4 c6 3. Nf3 Nf6 4. e3 Bg4 5. h3 Bxf3 6. Qxf3 e6 7. Nc3 Nbd7 8. Bd3 Bd6 9. O-O O-O 10. g4 h6 11. b3 Qe7 12. Bb2 Rfe8 13. e4 dxe4 14. Nxe4 Nxe4 15. Bxe4 Nf6 16. Bc2 Ba3 17. Bc3 Bb4 18.
Bb2 Ba3 19. Bc3 Bb4 20. Rfe1 Bxc3 21. Qxc3 Rad8 22. Qe3 Rd6 23. Rad1 Red8 24. Qf4 Qd7 25. Kg2 Rxd4 26. Rxd4 Qxd4 27. Rd1 Qb6 28. c5 1-0

[Event "Early-Titled-Tuesday-Blitz-November-28-2023"]
[Site "Chess.com"]
[Date "2023.11.28"]
[Round "2"]
[White "crescentmoon2411"]
[Black "Flaccidmoves"]
[Result "1-0"]
[WhiteElo "2954"]
[BlackElo "2407"]
[TimeControl "180+1"]
[EndTime "8:15:27 PST"]
[Termination "crescentmoon2411 won by resignation"]

1. e4 Nf6 2. e5 Nd5 3. c4 Nb6 4. c5 Nd5 5. Nc3 e6 6. d4 d6 7.
cxd6 cxd6 8. Nf3 Nxc3 9. bxc3 Nd7 10. exd6 Bxd6 11. Bd3 Qc7 12. O-O Qxc3 13. Rb1 O-O 14. Rb3 Qc7 15. d5 exd5 16. Bb2 Ne5 17. Nxe5 Bxe5 18.
Bxh7+ Kxh7 19. Qh5+ Kg8 20. Bxe5 Qc2 21. Bxg7 Kxg7 22.
Rg3+ Qg6 23. Rxg6+ fxg6 24. Qe5+ Kg8 25. Rc1 Bf5 26.
Rc7 Rf7 27. Qxd5 Rf8 28. Rxb7 Kg7 29. Rxa7 1-0

[Event "Early-Titled-Tuesday-Blitz-November-28-2023"]
[Site "Chess.com"]
[Date "2023.11.28"]
[Round "2"]
[White "atbenina64"]
[Black "NigelDwarf"]
[Result "1-0"]
[WhiteElo "2781"]
[BlackElo "2531"]
[TimeControl "180+1"]
[EndTime "8:15:30 PST"]
[Termination "atbenina64 won by resignation"]

1. c4 Nf6 2. Nc3 g6 3. e4 d6 4. d4 Bg7 5. Be2 O-O 6. Be3 c5 7. d5 e6 8. Nf3 exd5 9. cxd5 Bg4 10. Nd2 Bxe2 11. Qxe2 Re8 12. O-O Na6 13. Kh1 Nc7 14. f3 Rb8 15. a4 a6 16. a5 b5 17. axb6 Rxb6 18. Nc4 Rb4 19. Qd3 Nb5 20. Rxa6 Nh5 21. Nxb5 Rxb5 22. Nxd6 Rxb2 23. Nxe8 Qxe8 24. d6 Be5 25. d7 Qd8 26. Bg5 f6 27. Ra8 Rb8 28.
Rxb8 Bxb8 29. Bh6 1-0

[Event "Early-Titled-Tuesday-Blitz-November-28-2023"]
[Site "Chess.com"]
[Date "2023.11.28"]
[Round "2"]
[White "Goryachkina"]
[Black "Aleksandar-Topalov"]
[Result "1-0"]
[WhiteElo "2624"]
[BlackElo "2369"]
[TimeControl "180+1"]
[EndTime "8:15:34 PST"]
[Termination "Goryachkina won by resignation"]

1. e4 e6 2. d4 d5 3. Nd2 Nf6 4. e5 Ng8 5. Bd3 Ne7 6. Ne2 b6 7. Nf3 Qd7 8. Ng3 Ba6 9. O-O Bxd3 10. Qxd3 c5 11. c3 Nbc6 12. Be3 c4 13. Qd2 h6 14. b3 cxb3 15. axb3 Na5 16. Qb2 g6 17.
Rfc1 Bg7 18. c4 dxc4 19. bxc4 O-O 20. h4 Rfc8 21. Nd2 Nf5 22. Nxf5 gxf5 23. c5 Rab8 24. cxb6 Rxc1+ 25. Rxc1 axb6 26. Nf1 b5 27. Ng3 Nc4 28. Rxc4 1-0

[Event "Early-Titled-Tuesday-Blitz-November-28-2023"]
[Site "Chess.com"]
[Date "2023.11.28"]
[Round "2"]
[White "Nitzan_Steinberg"]
[Black "Predator0608"]
[Result "1-0"]
[WhiteElo "2914"]
[BlackElo "2585"]
[TimeControl "180+1"]
[EndTime "8:15:40 PST"]
[Termination "Nitzan_Steinberg won by resignation"]

1. d4 d5 2. Nf3 Nf6 3. c4 e6 4. g3 Bb4+ 5. Bd2 Be7 6. Bg2 O-O 7. O-O c6 8. Qc2 b6 9. Rd1 a5 10. Bf4 Ba6 11. Nbd2 Nbd7 12. Rac1 c5 13. Ne5 Rc8 14. Qa4 dxc4 15. Nc6 Qe8 16. Nxc4 cxd4 17. Nxe7+ Qxe7 18. Bd6 Rxc4 19. Qxc4 Bxc4 20. Bxe7 Bxe2 21. Bxf8 Bxd1 22.
Ba3 1-0

[Event "Early-Titled-Tuesday-Blitz-November-28-2023"]
[Site "Chess.com"]
[Date "2023.11.28"]
[Round "2"]
[White "SchmakAttack"]
[Black "jeetjain"]
[Result "1/2-1/2"]
[WhiteElo "2753"]
[BlackElo "2533"]
[TimeControl "180+1"]
[EndTime "8:15:42 PST"]
[Termination "Game drawn by agreement"]

1. d4 Nf6 2. Nf3 c6 3. Bf4 d5 4. e3 Bf5 5. c4 Qb6 6. Qb3 Nbd7 7. Nc3 e6 8. c5 Qxb3 9. axb3 a6 10. b4 Rc8 11.
Be2 h6 12. Nd2 Be7 13. Nb3 Bd8 14. Na5 Bxa5 15. bxa5 Ne4 16. Nxe4 Bxe4 17. f3 Bh7 18. b4 f6 19. Bd6 Kf7 20. Kd2 e5 21. Bd3 Bxd3 22.
Kxd3 Rhe8 23. Rhe1 Re6 24. e4 dxe4+ 25. Rxe4 Rce8 26.
dxe5 Nxe5+ 27. Bxe5 Rxe5 28. Rae1 Rxe4 29. Rxe4 Rxe4 30. Kxe4 Ke6 31. g4 1/2-1/2

[Event "Early-Titled-Tuesday-Blitz-November-28-2023"]
[Site "Chess.com"]
[Date "2023.11.28"]
[Round "2"]
[White "Kombinator01"]
[Black "deepfear"]
[Result "0-1"]
[WhiteElo "2404"]
[BlackElo "1921"]
[TimeControl "180+1"]
[EndTime "8:15:43 PST"]
[Termination "deepfear won by resignation"]

1. e4 c5 2. a3 g6 3. b4 Bg7 4. c3 cxb4 5. axb4 d5 6. exd5 Qxd5 7. Qf3 Nf6 8. Qxd5 Nxd5 9. Ra5 e6 10. Nf3 O-O 11. Bc4 Rd8 12. d4 b6 13. Ra2 Bb7 14.
Bd2 Nc6 15. Ke2 a5 16. b5 Nce7 17. Bd3 Rac8 18. Rc1 h6 19. Na3 Rc7 20. c4 Nb4 21. Rb2 Bxf3+ 22. gxf3 Nxd3 23. Kxd3 Rxd4+ 24. Kc2 Rxd2+ 25. Kxd2 Bxb2 0-1

[Event "Early-Titled-Tuesday-Blitz-November-28-2023"]
[Site "Chess.com"]
[Date "2023.11.28"]
[Round "2"]
[White "RebecaJimnz"]
[Black "ChessSwole"]
[Result "0-1"]
[WhiteElo "2291"]
[BlackElo "2673"]
[TimeControl "180+1"]
[EndTime "8:15:47 PST"]
[Termination "ChessSwole won by resignation"]

1. e4 e6 2. d3 d5 3. Nd2 c5 4.
Ngf3 Nc6 5. g3 Nf6 6. Bg2 Be7 7.
O-O O-O 8. Re1 b5 9. e5 Nd7 10. Nf1 Bb7 11. h4 Qc7 12. Bf4 Rfc8 13. N1h2 Qd8 14. h5 h6 15. Ng4 Bf8 16. Qd2 Ne7 17. c3 d4 18. cxd4 cxd4 19. Nxd4 Bxg2 20. Kxg2 Nc5 21.
Nxb5 Nxd3 22. Nd6 Nxe1+ 23. Rxe1 Rc6 24. Bxh6 Nf5 25. Nxf5 exf5 26. Nf6+ gxf6 27. Qe3 Bxh6 28. Qxh6 Qd5+ 29. Kh3 Qe6 30. exf6 Qxf6 31. Qd2 Re6 32. Rc1 f4 33. Qd5 Rae8 34. gxf4 Re4 35. Rg1+ Kh8 36. h6 Qe6+ 0-1

[Event "Early-Titled-Tuesday-Blitz-November-28-2023"]
[Site "Chess.com"]
[Date "2023.11.28"]
[Round "2"]
[White "grandemestregringo"]
[Black "Rud_Makarian"]
[Result "0-1"]
[WhiteElo "2616"]
[BlackElo "2979"]
[TimeControl "180+1"]
[EndTime "8:15:48 PST"]
[Termination "Rud_Makarian won by resignation"]

1. f4 d5 2. Nf3 Nf6 3. e3 c5 4. b3 a6 5. Bb2 Nc6 6. Be2 g6 7. O-O Bg7 8. Ne5 Bd7 9. Bf3 O-O 10.
d3 Qc7 11. Nd2 Rad8 12. Qe2 e6 13. Rac1 Ne8 14. Nxd7 Rxd7 15. Bxg7 Nxg7 16. c4 d4 17. Ne4 dxe3 18. Nf6+ Kh8 19. Nxd7 Nd4 20. Qxe3 Qxd7 21.
Qe5 b6 22. Kh1 a5 23. Qe4 Ngf5 24. Qb7 Qd6 25. Be4 Ne3 26. Rfe1 Ng4 27. g3 f5 28. Bg2 Nf2+ 29. Kg1 Nxd3 30. h3 Nxc1 0-1

[Event "Early-Titled-Tuesday-Blitz-November-28-2023"]
[Site "Chess.com"]
[Date "2023.11.28"]
[Round "2"]
[White "Abund"]
[Black "Rumpel-VK"]
[Result "1-0"]
[WhiteElo "2793"]
[BlackElo "2534"]
[TimeControl "180+1"]
[EndTime "8:15:48 PST"]
[Termination "Abund won by resignation"]

1. e4 c5 2. Nf3 Nc6 3. Bb5 d6 4.
O-O Bd7 5. Re1 Nf6 6. c3 a6 7. Bf1 Bg4 8. h3 Bxf3 9. Qxf3 g6 10. d3 Bg7 11. Be3 Nd7 12. Nd2 O-O 13. Qd1 b5 14.
Nf3 Nf6 15. Bf4 b4 16. d4 bxc3 17. bxc3 cxd4 18. cxd4 d5 19. e5 Ne4 20. Bd3 Nb4 21. Bxe4 dxe4 22. Rxe4 Rc8 23. Qa4 a5 24. e6 Qd5 25.
exf7+ Rxf7 26. Rae1 Nd3 27. Bg3 Nxe1 28. Rxe1 Rxf3 29.
gxf3 Bxd4 30. Rxe7 Bxf2+ 31. Kxf2 Qc5+ 32. Re3 1-0

[Event "Early-Titled-Tuesday-Blitz-November-28-2023"]
[Site "Chess.com"]
[Date "2023.11.28"]
[Round "2"]
[White "losersgame"]
[Black "MightyGMpretender"]
[Result "0-1"]
[WhiteElo "2544"]
[BlackElo "2814"]
[TimeControl "180+1"]
[EndTime "8:15:51 PST"]
[Termination "MightyGMpretender won by resignation"]

1. d4 Nf6 2. c4 e6 3. Nc3 d5 4. Bg5 c6 5. e3 Nbd7 6. Nf3 Qa5 7. Nd2 Bb4 8. Qc2 c5 9. Be2 cxd4 10. exd4 dxc4 11. Bxf6 Nxf6 12. Nxc4 Bxc3+ 13. bxc3 Qc7 14. Ne5 O-O 15. Bf3 Nd7 16. Nxd7 Bxd7 17. c4 Rac8 18.
Rc1 Rfd8 19. O-O Bc6 20. d5 Bxd5 0-1

[Event "Early-Titled-Tuesday-Blitz-November-28-2023"]
[Site "Chess.com"]
[Date "2023.11.28"]
[Round "2"]
[White "Druid24"]
[Black "Pastore1978"]
[Result "0-1"]
[WhiteElo "2673"]
[BlackElo "2453"]
[TimeControl "180+1"]
[EndTime "8:15:52 PST"]
[Termination "Pastore1978 won by resignation"]

1. e4 e6 2. Nc3 d5 3. d4 Nf6 4. Bg5 Be7 5. Bxf6 Bxf6 6. Nf3 O-O 7. Bd3 c5 8. exd5 exd5 9. dxc5 Re8+ 10. Be2 d4 11.
Nb1 d3 12. cxd3 Bxb2 13. Nbd2 Bxa1 14. Qxa1 Qxd3 15. Qd1 Bd7 16. Kf1 Qa3 17. Bc4 Qxc5 18. Qb3 Be6 19. g4 Bxc4+ 20. Nxc4 Nc6 21. Ne3 Nd4 22.
Nxd4 Qxd4 23. Qxb7 Rab8 24. Qc7 Qe4 25. Qc2 Rb1+ 0-1

[Event "Early-Titled-Tuesday-Blitz-November-28-2023"]
[Site "Chess.com"]
[Date "2023.11.28"]
[Round "2"]
[White "MokshAD1603"]
[Black "stratacticos"]
[Result "1-0"]
[WhiteElo "2655"]
[BlackElo "1738"]
[TimeControl "180+1"]
[EndTime "8:15:52 PST"]
[Termination "MokshAD1603 won by resignation"]

1. c4 Nf6 2. g3 c6 3. Bg2 g6 4.
Nf3 Bg7 5. O-O O-O 6. d4 d5 7. cxd5 cxd5 8. Ne5 Nc6 9. Nxc6 bxc6 10. Nc3 Rb8 11. Na4 Nd7 12. Bf4 Rb4 13. e3 Qa5 14. b3 c5 15. Nxc5 Nxc5 16. dxc5 Bxa1 17.
Qxa1 Rxf4 18. gxf4 Qxc5 19. Rc1 Qa3 20. Bxd5 Rd8 21.
Rd1 e6 22. Bg2 Qe7 23. Rxd8+ Qxd8 24. Qd4 Qa5 25. Bf3 Ba6 26. Kg2 Qe1 27. Qd1 Qa5 28.
a4 g5 29. b4 Qf5 30. Qd8+ Kg7 31. Qxg5+ Qxg5+ 32. fxg5 1-0

[Event "Early-Titled-Tuesday-Blitz-November-28-2023"]
[Site "Chess.com"]
[Date "2023.11.28"]
[Round "2"]
[White "Shield12"]
[Black "averageFM"]
[Result "0-1"]
[WhiteElo "2943"]
[BlackElo "2633"]
[TimeControl "180+1"]
[EndTime "8:15:55 PST"]
[Termination "averageFM won by checkmate"]

1. e4 c6 2. Nf3 d5 3. Nc3 Bg4 4. h3 Bxf3 5. Qxf3 e6 6. Be2 Nf6 7. O-O Nbd7 8. d4 dxe4 9. Nxe4 Be7 10. c3 Nxe4 11. Qxe4 Nf6 12. Qc2 O-O 13. Bf3 Qc7 14. Re1 Rfe8 15. a4 Bd6 16. a5 e5 17. dxe5 Bxe5 18.
Be3 Nd5 19. Bxd5 cxd5 20. Red1 Red8 21. Qb3 Qc6 22. Rd2 Rd6 23. Rad1 d4 24. Bxd4 Rg6 25. f3 Bf4 26. Rf2 Rd8 27. Bxa7 Rxd1+ 28. Qxd1 Rd6 29. Bd4 Be3 30. Qe2 Bxf2+ 31. Qxf2 h6 32. b4 Qb5 33.
Kh2 Re6 34. Qg3 Rg6 35. Qf4 Qe2 36. Qb8+ Kh7 37. Qxb7 Qxg2# 0-1

[Event "Early-Titled-Tuesday-Blitz-November-28-2023"]
[Site "Chess.com"]
[Date "2023.11.28"]
[Round "2"]
[White "RamonManon0g"]
[Black "LastHeroJr"]
[Result "1-0"]
[WhiteElo "2344"]
[BlackElo "2492"]
[TimeControl "180+1"]
[EndTime "8:15:56 PST"]
[Termination "RamonManon0g won on time"]

1. e4 c6 2. d4 d5 3. e5 c5 4.
dxc5 Nc6 5. Nf3 Bg4 6. Bb5 e6 7. Bxc6+ bxc6 8. O-O Bxc5 9. c4 Ne7 10. cxd5 cxd5 11.
Qa4+ Qd7 12. Qxg4 Nf5 13. Nbd2 h5 14. Qg5 Be7 15. Qf4 g5 16. Nxg5 Rg8 17. Ndf3 O-O-O 18. Bd2 Kb8 19. Rfc1 Ka8 20. Bb4 h4 21. Bxe7 Qxe7 22. h3 Rg6 23. Qa4 Rdg8 24. Qc6+ Kb8 25. Rc3 1-0

[Event "Early-Titled-Tuesday-Blitz-November-28-2023"]
[Site "Chess.com"]
[Date "2023.11.28"]
[Round "2"]
[White "Khromkin"]
[Black "campochess"]
[Result "1-0"]
[WhiteElo "2494"]
[BlackElo "2226"]
[TimeControl "180+1"]
[EndTime "8:15:56 PST"]
[Termination "Khromkin won by resignation"]

1. d4 c5 2. d5 Nf6 3. Nc3 g6 4.
e4 d6 5. f4 Bg7 6. Bb5+ Nfd7 7. e5 a6 8. Bxd7+ Bxd7 9. Nf3 O-O 10.
O-O b5 11. h3 b4 12. Ne4 dxe5 13. fxe5 Bb5 14. Re1 Nd7 15. e6 Nf6 16. exf7+ Rxf7 17. Neg5 Rf8 18. Ne6 Qb6 19. Nxf8 Rxf8 20. Rxe7 c4+ 21. Be3 Qd6 22. Re6 Qxd5 23. Qxd5 Nxd5 24. Bc5 Rc8 25. Bf2 Bxb2 26. Rb1 Bg7 27. Bd4 a5 28. Bxg7 Kxg7 29.
Rf1 Rc7 30. Nd4 Bd7 31. Re5 Nb6 32. Re7+ Kh6 33. Rff7 Kg5 34. Nf3+ 1-0

[Event "Early-Titled-Tuesday-Blitz-November-28-2023"]
[Site "Chess.com"]
[Date "2023.11.28"]
[Round "2"]
[White "grunbergmihai"]
[Black "Sofia_Blokhin"]
[Result "1-0"]
[WhiteElo "2502"]
[BlackElo "2251"]
[TimeControl "180+1"]
[EndTime "8:15:57 PST"]
[Termination "grunbergmihai won by resignation"]

1. e4 c5 2. Nf3 e6 3. g3 Nc6 4. Bg2 g6 5. d4 cxd4 6. Nxd4 Bg7 7. Nb5 Qa5+ 8. N1c3 Bxc3+ 9. Nxc3 Nge7 10. Bh6 b6 11. O-O Ba6 12. Re1 O-O-O 13. a4 f5 14. Bd2 Qe5 15. exf5 Qxf5 16. Ne4 d5 17. Ng5 Nd4 18.
Bh3 Qf6 19. Nxe6 Nf3+ 20. Qxf3 Qxf3 21. Ng5+ Qf5 22. Rxe7 Rd7 23. Bxf5 gxf5 24. Rae1 Kd8 25. Rxd7+ Kxd7 26. Bb4 Re8 27. Rxe8 Kxe8 28. f4 Be2 29. Nxh7 Kf7 30. Kf2 Bd1 31. c3 Bxa4 32. Ke3 a5 33. Bd6 Bc2 34. Bc7 1-0

[Event "Early-Titled-Tuesday-Blitz-November-28-2023"]
[Site "Chess.com"]
[Date "2023.11.28"]
[Round "2"]
[White "Goffredo_Fofi"]
[Black "LizardMorrison"]
[Result "1-0"]
[WhiteElo "2460"]
[BlackElo "2176"]
[TimeControl "180+1"]
[EndTime "8:15:59 PST"]
[Termination "Goffredo_Fofi won by resignation"]

1. d4 g6 2. e4 Bg7 3. Be3 a6 4. c4 d6 5. Nc3 Nd7 6. Be2 e5 7. Nf3 Ne7 8. h4 h6 9. h5 g5 10.
d5 f5 11. exf5 Nxf5 12. Ne4 Nxe3 13. fxe3 Nf6 14. Nfd2 Nxe4 15. Nxe4 Bf5 16. Ng3 Bh7 17. e4 O-O 18. Bg4 Rf4 19. Qe2 Qf6 20. Bf5 Rf8 21.
O-O-O Bxf5 22. Nxf5 Rxf5 23. exf5 Qxf5 24. Rhf1 Qd7 25.
Rxf8+ Kxf8 26. Rf1+ Kg8 27. Qe4 b5 28. Qg6 Qg4 29.
Qe6+ Qxe6 30. dxe6 Bf8 31. cxb5 axb5 32. Rf7 c5 33.
Rb7 e4 34. e7 Bxe7 35. Rxe7 d5 36. Re5 Kg7 37. Rxd5 Kf6 38. Rxc5 g4 39. Rxb5 e3 40. Kd1 g3 41. Ke2 Ke6 42. Kxe3 Kf6 43. Kf3 Ke6 44. Kxg3 Kf6 45. Kf4 Ke6 46. Rb6+ Kf7 47. Ke5 Kg7 48. Kf5 Kh7 49. Rb7+ Kg8 50. Kf6 Kh8 51. Kg6 1-0

[Event "Early-Titled-Tuesday-Blitz-November-28-2023"]
[Site "Chess.com"]
[Date "2023.11.28"]
[Round "2"]
[White "Pingah9"]
[Black "baki83"]
[Result "0-1"]
[WhiteElo "2544"]
[BlackElo "2817"]
[TimeControl "180+1"]
[EndTime "8:16:00 PST"]
[Termination "baki83 won by resignation"]

1. e4 c5 2. Nf3 d6 3. d4 cxd4 4.
Nxd4 Nf6 5. Nc3 Nc6 6. Bg5 e6 7. f4 Qb6 8. Nb3 Be7 9. Qd2 h6 10.
Bh4 Nxe4 11. Nxe4 Bxh4+ 12. g3 Be7 13. Nxd6+ Bxd6 14. Qxd6 Qe3+ 15. Be2 Bd7 16. Qc5 Qxc5 17. Nxc5 O-O-O 18. O-O-O Kc7 19. Bf3 Bc8 20. c3 g5 21. Rxd8 Rxd8 22. fxg5 hxg5 23. Kc2 Ne5 24. Bg2 b6 25. Nb3 Nc4 26. Re1 Rh8 27. h3 Bb7 28. Bxb7 Kxb7 29. Rh1 Ne3+ 30. Kd3 Nf5 31. g4 Ne7 32.
Nd4 Ng6 33. Ne2 Ne5+ 34. Ke4 Nxg4 35. Rf1 f5+ 36. Kd4 Rxh3 37. Nc1 e5+ 38. Kd5 Ne3+ 0-1

[Event "Early-Titled-Tuesday-Blitz-November-28-2023"]
[Site "Chess.com"]
[Date "2023.11.28"]
[Round "2"]
[White "Statham_l3"]
[Black "Krakozia"]
[Result "0-1"]
[WhiteElo "2605"]
[BlackElo "2953"]
[TimeControl "180+1"]
[EndTime "8:16:04 PST"]
[Termination "Krakozia won by resignation"]

1. e4 c5 2. Nf3 e6 3. d4 cxd4 4.
Nxd4 Nf6 5. Nc3 Nc6 6. Nxc6 bxc6 7. e5 Nd5 8. Ne4 Qc7 9. f4 a5 10. c4 Bb4+ 11. Ke2 O-O 12. cxd5 cxd5 13. Nf2 d6 14. a3 Bc5 15. exd6 Bxd6 16. Kf3 Bb7 17. Bd3 e5 18.
fxe5 Bxe5 19. Qc2 d4+ 20. Ke2 Qe7 21. Bxh7+ Kh8 22. Be4 Rfc8 23. Qd3 Ba6 24. Bxa8 Rxa8 25. Ne4 Bf4 26. Kf3 Bxd3 27. Re1 Be3 28. Bxe3 0-1

[Event "Early-Titled-Tuesday-Blitz-November-28-2023"]
[Site "Chess.com"]
[Date "2023.11.28"]
[Round "2"]
[White "McCarthyStone"]
[Black "NovozhilovSemen"]
[Result "0-1"]
[WhiteElo "2390"]
[BlackElo "2728"]
[TimeControl "180+1"]
[EndTime "8:16:04 PST"]
[Termination "NovozhilovSemen won by resignation"]

1. b3 a5 2. a4 g6 3. Bb2 Nf6 4. e4 Bg7 5. e5 Nd5 6. d4 O-O 7.
Nf3 b6 8. Be2 Bb7 9. O-O c5 10.
dxc5 bxc5 11. Re1 Qc7 12. Nbd2 Nc6 13. Nc4 e6 14. Nd6 Nxe5 15. Nb5 Qb8 16. Nxe5 Bxe5 17. Bxe5 Qxe5 18. Bf3 Qb8 19. h4 h6 20. Qd2 Kh7 21. h5 g5 22. Rad1 Bc6 23. c4 Nf4 24. Qc2+ Kg8 25.
Bxc6 dxc6 26. Nd6 Nxh5 27. Rxe6 fxe6 28. Qg6+ Ng7 29. Nf5 exf5 30. Rd7 Qe5 0-1

[Event "Early-Titled-Tuesday-Blitz-November-28-2023"]
[Site "Chess.com"]
[Date "2023.11.28"]
[Round "2"]
[White "jens1102"]
[Black "jefferyx"]
[Result "0-1"]
[WhiteElo "2621"]
[BlackElo "3018"]
[TimeControl "180+1"]
[EndTime "8:16:05 PST"]
[Termination "jefferyx won by resignation"]

1. c4 e6 2. Nc3 d5 3. d4 Nf6 4.
Nf3 dxc4 5. e3 a6 6. Bxc4 b5 7. Bd3 Bb7 8. O-O Nbd7 9. Qe2 c5 10. dxc5 Nxc5 11. Bc2 Be7 12. Rd1 Qc7 13. Bd2 O-O 14.
Rac1 Rac8 15. Be1 Qb8 16. a3 Qa8 17. b4 Nce4 18. Nxe4 Nxe4 19. Bb1 Bf6 20. Nd4 Rxc1 21. Rxc1 Bxd4 22. exd4 Nd6 23. f3 Nc4 24. Qd3 g6 25. Bh4 Rc8 26. Bf6 Qb8 27. g3 Bd5 28. Be5 Nxe5 29.
Rxc8+ Qxc8 30. dxe5 Qc1+ 31. Kf2 Qb2+ 32. Kg1 Qxe5 33.
Kf2 Qb2+ 34. Bc2 Bc4 35. Qd8+ Kg7 36. Qd2 Bb3 0-1

[Event "Early-Titled-Tuesday-Blitz-November-28-2023"]
[Site "Chess.com"]
[Date "2023.11.28"]
[Round "2"]
[White "Kolle05"]
[Black "kai_nov"]
[Result "1-0"]
[WhiteElo "2660"]
[BlackElo "2250"]
[TimeControl "180+1"]
[EndTime "8:16:05 PST"]
[Termination "Kolle05 won by resignation"]

1. e4 c5 2. Nf3 Nc6 3. d4 cxd4 4.
Nxd4 e5 5. Nb5 a6 6. Nd6+ Bxd6 7.
Qxd6 Qe7 8. Qd1 Nf6 9. Nc3 d6 10. Bg5 Be6 11. Nd5 Bxd5 12. exd5 Nb8 13. a4 Nbd7 14. Be2 h6 15. Be3 O-O 16. O-O Rac8 17. c4 Ne4 18. f3 Nef6 19. a5 Nc5 20. b4 Ncd7 21. Rc1 e4 22. f4 Rc7 23. Qd2 Rfc8 24.
Rc2 h5 25. h3 g6 26. Rfc1 Qf8 27. c5 dxc5 28. bxc5 Nxc5 29. d6 Rc6 30. Rxc5 Rxc5 31.
Bxc5 Nd7 32. Ba3 Rxc1+ 33. Bxc1 Qd8 34. Bb2 f6 35. Bc4+ Kg7 36. Qd5 Nb8 37. Qf7+ Kh6 38. Bxf6 1-0

[Event "Early-Titled-Tuesday-Blitz-November-28-2023"]
[Site "Chess.com"]
[Date "2023.11.28"]
[Round "2"]
[White "Qvalda"]
[Black "Franmu14"]
[Result "0-1"]
[WhiteElo "2409"]
[BlackElo "2715"]
[TimeControl "180+1"]
[EndTime "8:16:06 PST"]
[Termination "Franmu14 won on time"]

1. Nf3 d5 2. g3 e6 3. Bg2 Nf6 4. O-O Be7 5. c4 O-O 6. b3 Re8 7. Bb2 c5 8. cxd5 exd5 9. d4 b6 10. Nc3 Bb7 11. dxc5 bxc5 12. Na4 Nbd7 13. Rc1 Rc8 14.
Qc2 Bf8 15. Rfe1 Qe7 16. Qb1 Ne4 17. Nc3 d4 18. Nxe4 Bxe4 19. Qa1 Nf6 20. b4 cxb4 21. Bxd4 Nd5 22. Red1 a5 23. Be5 Qa7 24. Rxc8 Rxc8 25. Rd4 Nc3 26. Bf1 f6 27. Bf4 Bxf3 28. Be3 Bxe2 29.
Rc4 Qa6 30. Rxc8 Qxc8 31. Bg2 Qd7 32. Qe1 Qd1 33. Qxd1 Nxd1 34. Bb6 a4 35. Ba5 Bc4 0-1

[Event "Early-Titled-Tuesday-Blitz-November-28-2023"]
[Site "Chess.com"]
[Date "2023.11.28"]
[Round "2"]
[White "hakanazeri2"]
[Black "Matols"]
[Result "1-0"]
[WhiteElo "2573"]
[BlackElo "2346"]
[TimeControl "180+1"]
[EndTime "8:16:07 PST"]
[Termination "hakanazeri2 won by resignation"]

1. Nf3 d5 2. d4 Nf6 3. c4 e6 4.
g3 Bb4+ 5. Bd2 Be7 6. Qc2 O-O 7. Bg2 Nbd7 8. O-O c6 9. Bf4 b6 10. Nbd2 Bb7 11. e4 dxe4 12. Nxe4 Nxe4 13. Qxe4 Nf6 14. Qe2 c5 15. Rfd1 cxd4 16. Nxd4 Qc8 17. Bxb7 Qxb7 18. Qf3 Qxf3 19. Nxf3 Rfd8 20. b3 Kf8 21. Bc7 Rxd1+ 22. Rxd1 Rc8 23. Be5 Ke8 24. h3 Rd8 25. Rxd8+ Kxd8 26.
g4 Kd7 27. Ng5 Nxg4 28. Nxf7 Nxe5 29. Nxe5+ Kd6 30. Nf7+ Kc5 31. Ne5 Bf6 32. Nd3+ Kd4 33. Nb4 Kc3 34. Nc6 a5 35. c5 bxc5 36. Nxa5 Kb2 37.
a4 Bc3 38. Nc6 Kxb3 39. a5 Bxa5 40. Nxa5+ Ka4 41. Nc4 Kb3 42. Ne3 c4 43. Kf1 c3 44.
Ke2 Kb2 45. Kd3 e5 46. Nd1+ 1-0

[Event "Early-Titled-Tuesday-Blitz-November-28-2023"]
[Site "Chess.com"]
[Date "2023.11.28"]
[Round "2"]
[White "sergiochess83"]
[Black "salomez"]
[Result "1-0"]
[WhiteElo "2883"]
[BlackElo "2401"]
[TimeControl "180+1"]
[EndTime "8:16:09 PST"]
[Termination "sergiochess83 won by resignation"]

1. d4 e6 2. Nf3 f5 3. Bf4 Nf6 4.
e3 b6 5. Be2 Bb7 6. O-O Be7 7.
h3 Ne4 8. c4 d6 9. d5 e5 10. Bh2 Nd7 11. Nfd2 Nxd2 12. Qxd2 O-O 13. Nc3 a5 14. b3 Bf6 15. Rab1 Qe8 16. Nb5 Rc8 17. a3 g5 18. b4 axb4 19. axb4 Ba6 20. Na7 Ra8 21. Nc6 Qg6 22. Ra1 Bb7 23. e4 fxe4 24.
Bg4 Qg7 25. Qe3 h6 26. Qxe4 Qf7 27. Be6 1-0

[Event "Early-Titled-Tuesday-Blitz-November-28-2023"]
[Site "Chess.com"]
[Date "2023.11.28"]
[Round "2"]
[White "StellarChessPro"]
[Black "ActorXu"]
[Result "0-1"]
[WhiteElo "2549"]
[BlackElo "2847"]
[TimeControl "180+1"]
[EndTime "8:16:11 PST"]
[Termination "ActorXu won by resignation"]

1. b3 e5 2. Bb2 Nc6 3. e3 g6 4.
Ne2 Bg7 5. d4 d6 6. g3 h5 7. h4 Nf6 8. Bg2 Ng4 9. O-O O-O 10. Nd2 Bf5 11. d5 Ne7 12. e4 Bd7 13. c4 f5 14. exf5 gxf5 15. Nf3 e4 16. Nfd4 Ng6 17. Qd2 Nxh4 18. Nf4 Bh6 19. Nde6 Bxe6 20. dxe6 Ng6 21. Qd5 Nxf4 22. gxf4 Qh4 23. e7+ Rf7 24. Rfd1 Qxf2+ 25. Kh1 Qxf4 26. Kg1 Qh2+ 27. Kf1 Ne3+ 28. Ke1 Nxd5 0-1

[Event "Early-Titled-Tuesday-Blitz-November-28-2023"]
[Site "Chess.com"]
[Date "2023.11.28"]
[Round "2"]
[White "Chempiblinka"]
[Black "DvaHrasta"]
[Result "0-1"]
[WhiteElo "2261"]
[BlackElo "2502"]
[TimeControl "180+1"]
[EndTime "8:16:13 PST"]
[Termination "DvaHrasta won on time"]

1. Nf3 Nf6 2. g3 d5 3. Bg2 c5 4. O-O Nc6 5. c4 d4 6. d3 Bg4 7. Na3 e5 8. Nc2 Bd6 9. h3 Bh5 10. a3 a5 11. b3 O-O 12. Rb1 Re8 13. Bd2 e4 14. dxe4 Nxe4 15. b4 Nxd2 16. Qxd2 axb4 17. axb4 Ra2 18. Ra1 Rb2 19. Qc1 Rxc2 20. Qxc2 Nxb4 21. Qd2 h6 22. g4 Bg6 23. Rfc1 Be4 24. Ra7 Qf6 25.
Rca1 d3 26. Ne1 Bxg2 27. Nxg2 Rxe2 28. Ra8+ Kh7 0-1

[Event "Early-Titled-Tuesday-Blitz-November-28-2023"]
[Site "Chess.com"]
[Date "2023.11.28"]
[Round "2"]
[White "VitaliyChayka"]
[Black "olakenn"]
[Result "1-0"]
[WhiteElo "2418"]
[BlackElo "1896"]
[TimeControl "180+1"]
[EndTime "8:16:19 PST"]
[Termination "VitaliyChayka won by resignation"]

1. d4 Nf6 2. Bf4 g6 3. e3 Bg7 4. Nf3 O-O 5. h3 c5 6. c3 cxd4 7. exd4 d6 8. Be2 Bd7 9. O-O Bc6 10. Nbd2 b6 11. Re1 Nbd7 12. Qb3 Bd5 13. Bc4 Bxc4 14. Nxc4 Rc8 15. a4 Qc7 16. Ne3 Rfe8 17. Ng5 e6 18. Qa3 e5 19. Bh2 h6 20. Nf3 Re6 21.
a5 bxa5 22. Qxa5 Qxa5 23. Rxa5 Rc7 24. Rea1 Rb7 25. R1a2 Kh7 26. Rxa7 Rxa7 27. Rxa7 exd4 28. Nxd4 Nb6 29. Nxe6 1-0